 Dungeon Crawl Stone Soup version 0.28.0-53-g5a82cb258f (webtiles) character file.

Game seed: 9514658215798048610

19 Gabide the Sneak (level 2, -1/25 HPs)
             Began as a Barachi Delver on June 15, 2022.
             Slain by an orc priest
             ... wielding a +0 war axe
              (8 damage)
             ... on level 3 of the Dungeon.
             The game lasted 00:02:23 (974 turns).

Gabide the Sneak (Barachi Delver)                    Turns: 974, Time: 00:02:24

Health: -1/25      AC:  3    Str: 13    XL:     2   Next: 75%
Magic:  2/2        EV: 12    Int: 10    God:
Gold:   26         SH:  0    Dex: 13    Spells: 1/1 levels left

rFire   + . .      SeeInvis .   a - +0 falchion
rCold   + . .      Faith    .   (no shield)
rNeg    . . .      Spirit   .   b - +0 leather armour
rPois   +          Reflect  .   (no helmet)
rElec   +          Harm     .   (no cloak)
rCorr   +          Rampage  .   (no gloves)
Will    .....                   (no boots)
Stlth   ++........              (no amulet)
HPRegen 0.08/turn               (no ring)
MPRegen 0.08/turn               (no ring)

@: resistant, slow
A: amphibious, slowness 1, strong legs 1, +LOS
a: Hop


You were on level 3 of the Dungeon.
You visited 1 branch of the dungeon, and saw 4 of its levels.

You collected 26 gold pieces.

Inventory:

Hand Weapons
 a - a +0 falchion (weapon)
Armour
 b - a +0 leather armour (worn)
Jewellery
 e - a ring of poison resistance
Wands
 g - a wand of digging (2)
Scrolls
 c - a scroll of fog
 h - a scroll of blinking {unknown}


   Skills:
 + Level 4.0 Fighting
 + Level 3.0 Long Blades
 + Level 2.7 Dodging
 - Level 4.5 Stealth


You had one spell level left.
You didn't know any spells.
Your spell library was empty.

Dungeon Overview and Level Annotations

Branches:
Dungeon (6/15)
 Temple: D:4-7

Altars:

Shops:
D:6 (

Annotations:
D:3 exclusion: adder, Ijyb
D:5 exclusion: jelly


Innate Abilities, Weirdness & Mutations

You are amphibious.
You cover ground slowly.
You can hop short distances.
You have an extended range of vision and can be seen from far away.


Message History

The giant cockroach is moderately wounded.
The giant cockroach misses you. x2
You barely miss the giant cockroach.
The giant cockroach bites you but does no damage.
You hit the giant cockroach but do no damage.
The giant cockroach barely misses you.
You hit the giant cockroach.
You kill the giant cockroach!
The orc priest closely misses you.
You hit the orc priest but do no damage.
The orc priest closely misses you.
You hit the orc priest.
The orc priest is heavily wounded.
The orc priest hits you with a +0 war axe!
You hit the orc priest.
The orc priest is heavily wounded.
The orc priest hits you with a +0 war axe!
* * * LOW HITPOINT WARNING * * *
You are too injured to fight recklessly!
You are too injured to fight recklessly!
You are too injured to fight recklessly!
You are too injured to fight recklessly!
You are too injured to fight recklessly!
You are too injured to fight recklessly!
You are too injured to fight recklessly!
You are too injured to fight recklessly!
You are too injured to fight recklessly!
You are too injured to fight recklessly!
You are too injured to fight recklessly!
You are too injured to fight recklessly!
You are too injured to fight recklessly!
You are too injured to fight recklessly!
You are too injured to fight recklessly!
It was a potion of resistance.
You feel protected. The orc priest barely misses you.
You closely miss the orc priest.
The orc priest is heavily wounded.
The orc priest hits you with a +0 war axe!
You die... #.........# ##......... #..........####### #................# ................# ...............# oo.

..........#### #o#
#.........'(.. #@#
#.##.....†#### #.#
#.##..†...#
#.###'##......#
#......#..###)....
#....>......'.....
##.....#.#.##.....
#.........##.....
#####.#.#.##.....
#.....#######


You could see an orc priest and 2 orcs.

Vanquished Creatures
  An orc (D:3)
  A ball python (D:3)
  2 bats (D:3)
  2 endoplasms (D:3)
  3 giant cockroaches (D:3)
  A goblin (D:3)
  2 hobgoblins (D:3)
  A kobold (D:3)
  A rat (D:3)
14 creatures vanquished.

Notes
Turn   | Place    | Note
-------+----------+-------------------------------------------
     0 | D:5      | Gabide the Barachi Delver began the quest for the Orb.
     0 | D:5      | Reached XP level 1. HP: 18/18 MP: 1/1
     4 | D:5      | Noticed a jelly
    20 | D:5      | Noticed an orc priest
    25 | D:5      | Noticed a hound
    32 | D:6      | Noticed a bullfrog
    32 | D:6      | Noticed a scorpion
    51 | D:6      | Found Fugiyrei's Weapon Boutique.
    52 | D:6      | Noticed a necrophage
    58 | D:5      | Noticed a necrophage
    58 | D:5      | Noticed a scorpion
    77 | D:4      | Noticed a hound
    80 | D:4      | Noticed an iguana
   627 | D:3      | Noticed Ijyb
   667 | D:3      | Reached XP level 2. HP: 17/25 MP: 2/2
   974 | D:3      | Slain by an orc priest

Illustrated notes

Levels and vault maps discovered:
D:3:      layout_basic, mainiacjoe_overflow_alcove_2, serial_glass,
          glass_columns_a, glass_columns_a, glass_columns_b, serial_shops, shop,
          uniq_robin, uniq_ijyb
D:4:      layout_cave_pools, minmay_temple_entry_waves, st_stairs_13,
          uniq_crazy_yiuf_cottage
D:5:      layout_basic
D:6:      layout_rooms, gammafunk_temple_overflow_arena, serial_shops,
          shop_statue, serial_co_window_serial, co_window_corner_a,
          co_window_paths_a, co_window_paths_b, co_window_of_opportunity_a,
          co_window_cross_1, co_window_corner_b, co_window_broadway_b,
          co_window_paths_c, co_window_corner_ca, minivault_10

Skill      XL: |  1  2 |
---------------+-------+-----
Fighting       | 4 |  4.0
Long Blades    | 3 |  3.0
Dodging        | |  2.7
Stealth        | |  4.5

Action                   || total
-------------------------++-------
Melee: Falchion          ||    60
 Abil: Hop               ||     1
Evoke: Wand              ||     1
  Use: Scroll            ||     2
       Potion            ||     2
 Stab: Sleeping          ||     2
Armor: Leather armour    ||    12
Dodge: Dodged            ||    48
